 Dungeon Crawl Stone Soup version 0.32-a0-918-g0f22ef8d61 (webtiles) character file.

Game seed: 2080576481783611927

77 innerfire43 the Chopper (level 4, -2/35 HPs)
             Began as a Demonspawn Monk on Apr 10, 2024.
             Incinerated by a bombardier beetle (3 damage)
             ... with a burning spray
             ... on level 2 of the Dungeon.
             The game lasted 00:01:32 (1503 turns).

innerfire43 the Chopper (Demonspawn Monk)           Turns: 1503, Time: 00:01:32

Health: -2/35      AC:  3    Str: 13    XL:     4   Next: 14%
Magic:  4/4        EV: 12    Int: 11    God:
Gold:   70         SH:  4    Dex: 15    Spells: 3/3 levels left

rFire   + . .        a - +0 hand axe
rCold   + . .        d - orb {light}
rNeg    . . .        b - +0 robe
rPois   +            (no helmet)
rElec   +            (no cloak)
rCorr   +            (no gloves)
SInv    .            c - +0 pair of boots
Will    .....        (no amulet)
Stlth   +            (no ring)
HPRegen 0.25/turn    (no ring)
MPRegen 0.09/turn

%: no passive effects
@: on fire, resistant, glowing
A: large bone plates 1, foul stench 1, powered by death 1
a: no special abilities


You were on level 2 of the Dungeon.
You visited 1 branch of the dungeon, and saw 2 of its levels.

You collected 70 gold pieces.

Inventory:

Hand Weapons
 a - a +0 hand axe (weapon)
Armour
 b - a +0 robe (worn)
 c - a +0 pair of boots (worn)
 d - an orb of light (worn)
Jewellery
 k - a ring of ice
Scrolls
 f - 2 scrolls of poison {unknown}
 h - 3 scrolls of identify {unknown}
Potions
 g - a potion of magic {unknown}
 i - 2 potions of might {unknown}
 j - a potion of curing {unknown}


   Skills:
 + Level 3.5 Fighting
 * Level 3.7 Axes
 + Level 3.2 Dodging


You had 3 spell levels left.
You didn't know any spells.
Your spell library was empty.

Dungeon Overview and Level Annotations

Branches:
Dungeon (2/15)

Altars:


Innate Abilities, Weirdness & Mutations

You are partially covered in large bone plates. (SH +4)
You may rarely emit foul miasma when damaged in melee.
You regenerate a little health from kills.


Message History

You are covered in liquid fire!
You are on fire!
You hit the bombardier beetle.
The bombardier beetle is heavily wounded.
The liquid fire burns you! The bombardier beetle bites you.
You hit the bombardier beetle.
The bombardier beetle is heavily wounded.
The liquid fire burns you!
You hit the bombardier beetle.
The bombardier beetle is severely wounded.
The liquid fire burns you!
The bombardier beetle closely misses you.
You hit the bombardier beetle but do no damage.
The bombardier beetle is severely wounded.
The liquid fire burns you! The bombardier beetle bites you.
You hit the bombardier beetle but do no damage.
The bombardier beetle is severely wounded.
The liquid fire burns you!
* * * LOW HITPOINT WARNING * * *
You barely miss the bombardier beetle.
The bombardier beetle is severely wounded.
The liquid fire burns you!
* * * LOW HITPOINT WARNING * * *
The bombardier beetle sprays incendiary fluid at you.
The burning spray hits you.
You are even more covered in liquid fire!
It was a potion of resistance.
You feel protected. The liquid fire burns you!
* * * LOW HITPOINT WARNING * * *
The bombardier beetle bites you.
* * * LOW HITPOINT WARNING * * *
You emit a cloud of foul miasma!
Okay, then.
You hit the bombardier beetle.
The bombardier beetle is severely wounded.
The liquid fire burns you!
You die...

#....#####...#
##..
###........#.#
#..# #..#####.#.#
##.##
#........#.###..#
#..#####.#.##..##
#........#.#.)####
#.......##.#......
#.########........
#@# #>....... #B#
###...... #.#
#...... #.#
#...... #.#
#...... #.#
#...... #.#
############## ...
......###
######......#


You could see a bombardier beetle.

Vanquished Creatures
  3 adders (D:2)
  2 ribbon worms (D:2)
  6 ball pythons
  2 bats (D:1)
  2 endoplasms (D:1)
  4 giant cockroaches
  4 goblins
  4 hobgoblins
  7 kobolds
  3 quokkas
  2 frilled lizards (D:1)
  3 rats (D:1)
42 creatures vanquished.

Notes
Turn   | Place    | Note
-------+----------+-------------------------------------------
     0 | D:1      | innerfire43 the Demonspawn Monk began the quest for the
                  | Orb.
     0 | D:1      | Reached XP level 1. HP: 18/18 MP: 1/1
   208 | D:1      | Gained mutation: You are partially covered in large bone
                  | plates. (SH +4) [demonic ancestry]
   208 | D:1      | Reached XP level 2. HP: 12/24 MP: 2/2
   728 | D:2      | Gained mutation: You may rarely emit foul miasma when
                  | damaged in melee. [demonic ancestry]
   728 | D:2      | Reached XP level 3. HP: 23/29 MP: 3/3
  1316 | D:2      | Gained mutation: You regenerate a little health from kills.
                  | [demonic ancestry]
  1316 | D:2      | Reached XP level 4. HP: 24/35 MP: 4/4
  1502 | D:2      | HP: 1/35 [bombardier beetle (2)]
  1503 | D:2      | Incinerated by a bombardier beetle

Illustrated notes

Levels and vault maps discovered:
D:1:      lightli_arrival_flooded_house, layout_loops_ring,
          minmay_shallow_snake_nest
D:2:      minmay_evil_eye, layout_basic, minmay_misc_feat_rows,
          minmay_heptomino_d4

Skill      XL: |  1  2 |
---------------+-------+-----
Axes           | 3 |  3.7
Dodging        | 3 |  3.2
Fighting       | |  3.5

Action                     |  1- 3 |  4- 6 || total
---------------------------+-------+-------++-------
  Melee: Hand axe          |   105 |    23 ||   128
    Use: Potion            |     1 |     1 ||     2
 Armour: Robe              |    57 |     7 ||    64
  Dodge: Dodged            |    56 |    12 ||    68

Table legend: (Time is in decaauts)
 A = Elapsed time spent in this place.
 B = Non-inter-level travel time spent in this place.
 C = Inter-level travel time spent in this place.
 D = Time resting spent in this place.
 E = Time spent auto-exploring this place.
 F = Levels seen in this place.
 G = Mean time per level.
                   A        B        C        D        E       F      G
               +--------+--------+--------+--------+--------+-----+--------+
         Total |   1520 |   1520 |      0 |      0 |   1218 |   2 |  760.0 |
       Dungeon |   1520 |   1520 |      0 |      0 |   1218 |   2 |  760.0 |
               +--------+--------+--------+--------+--------+-----+--------+

Top non-repeatable levels by time:
     D:2: 789 daAuts
     D:1: 731 daAuts
